 Dungeon Crawl Stone Soup version 0.32-a0-928-g1cae6b7ea0 (webtiles) character file.

Game seed: 6826789612849807242

21871 snackwell the Arsonist (level 12, -11/72 HPs)
             Began as a Deep Elf Fire Elementalist on Apr 12, 2024.
             Was a Priest of Vehumet.
             Mangled by a merfolk
             ... wielding a +0 trident
              (13 damage)
             ... on level 2 of the Lair of Beasts.
             The game lasted 00:55:30 (16275 turns).

snackwell the Arsonist (DEFE)                      Turns: 16275, Time: 00:55:31

Health: -11/72     AC: 10    Str:  7    XL:     12   Next: 58%
Magic:  27/36      EV: 12    Int: 24    God:    Vehumet [***...]
Gold:   772        SH:  5    Dex: 17    Spells: 9/29 levels left

rFire   . . .        a - staff of Futos {Stlth+ Conj}
rCold   . . .        i - +0 buckler
rNeg    . . .        B - +0 leather armour of Rationality {rPois Dex+2}
rPois   +            c - +1 helmet
rElec   .            (no cloak)
rCorr   .            v - +1 pair of gloves
SInv    +            C - +2 pair of boots
Will    +....        (no amulet)
Stlth   ++           t - ring of magical power
HPRegen 0.32/turn    E - ring of see invisible
MPRegen 0.25/turn

%: no passive effects
@: very slow
A: no striking features
a: Renounce Religion


You were on level 2 of the Lair of Beasts.
You worshipped Vehumet.
Vehumet was most pleased with you.
You visited 3 branches of the dungeon, and saw 14 of its levels.
You also visited: Bailey.

You collected 1612 gold pieces.
You spent 840 gold pieces at shops.

Inventory:

Hand Weapons
 f - a +2 scimitar of freezing
   (You took it off a wight on level 8 of the Dungeon)
Missiles
 j - 50 poisoned darts
 G - 14 curare-tipped darts
 I - 4 throwing nets
Armour
 c - a +1 helmet (worn)
   (You found it on level 4 of the Dungeon)
 i - a +0 buckler (worn)
   (You found it on level 1 of the Dungeon)
 v - a +1 pair of gloves (worn)
   (You found it on level 6 of the Dungeon)
 B - the +0 leather armour of Rationality (worn) {rPois Dex+2}
   (You found it on level 6 of the Dungeon)

   Dex+2:     It affects your dexterity (+2).
   rPois:     It protects you from poison.
 C - a +2 pair of boots (worn)
   (You found it on level 6 of the Dungeon)
Magical Staves
 a - the staff of Futos (weapon) {Stlth+ Conj}
   (You took it off a centaur warrior on level 9 of the Dungeon)

   [staff of conjuration]

   Base accuracy: +5 Base damage: 5 Base attack delay: 1.2 This weapon's minimum
   attack delay (0.6) is reached at skill level 12.
   Stlth+:    It makes you more stealthy.
   Conj:      It increases the power of your Conjurations spells.
   It falls into the 'Staves' category.
   It is a one-handed weapon.
 b - a staff of alchemy
   (You took it off an orc on level 9 of the Dungeon)
Jewellery
 d - a +6 ring of strength
   (You found it on level 1 of the Lair of Beasts)
 m - a ring of wizardry
   (You found it on level 2 of the Dungeon)
 t - a ring of magical power (left hand)
   (You bought it in a shop on level 2 of the Dungeon)
 E - a ring of see invisible (right hand)
   (You found it on level 7 of the Dungeon)
 J - a ring of ice
   (You found it on level 7 of the Dungeon)
Wands
 o - a wand of flame (10)
   (You found it on level 9 of the Dungeon)
 D - a wand of mindburst (14)
   (You found it on level 5 of the Dungeon)
 F - a wand of paralysis (12)
   (You found it on level 7 of the Dungeon)
 K - a wand of polymorph (6)
   (You found it on level 9 of the Dungeon)
 Q - a wand of iceblast (2)
   (You found it on level 11 of the Dungeon)
Scrolls
 g - 2 scrolls of summoning
 k - 7 scrolls of teleportation
 n - 2 scrolls of immolation
 r - 5 scrolls of fear
 y - 2 scrolls of fog
 H - 2 scrolls of amnesia
Potions
 e - 5 potions of curing
 h - 3 potions of heal wounds
 l - a potion of cancellation {unknown}
 p - a potion of enlightenment {unknown}
 q - a potion of ambrosia
 s - 4 potions of might
 u - 2 potions of degeneration {unknown}
 w - a potion of berserk rage
 x - 5 potions of lignification
 z - 4 potions of brilliance
 A - a potion of haste {unknown}
 L - 5 potions of magic
 P - a potion of resistance {unknown}


   Skills:
 - Level 7.5 Fighting
 - Level 6.2 Dodging
 - Level 2.4 Stealth
 + Level 4.4 Shields
 - Level 9.1 Spellcasting
 + Level 11.7 Conjurations
 + Level 12.0 Fire Magic
 - Level 8.0 Alchemy


You had 9 spell levels left.
You knew the following spells:

 Your Spells              Type           Power      Damage    Failure   Level
a - Foxfire               Conj/Fire      100%       2x1d9     1%          1
b - Scorch                Fire           100%       2d9       1%          2
c - Flame Wave            Conj/Fire      80%        2d17      1%          4
d - Fireball              Conj/Fire      40%        3d16      1%          5
s - Sticky Flame          Fire/Alch      56%        2d10      1%          4
t - Olgreb's Toxic Radia  Alch           49%        N/A       1%          4

Your spell library contained the following spells:

 Spells                   Type           Power      Damage    Failure   Level
 Hailstorm                Conj/Ice       56%        3d11      1%          3
 Sting                    Conj/Alch      100%       1d9       1%          1
 Mercury Vapours          Alch/Air       60%        N/A       1%          2
 Inner Flame              Hex/Fire       39%        N/A       1%          3
 Volatile Blastmotes      Fire/Tloc      78%        2d16      1%          3
 Iskenderun's Battlesphe  Conj           79%        2d13      1%          5
 Brom's Barrelling Bould  Conj/Erth      56%        2d7       3%          4
 Apportation              Tloc           20%        N/A       14%         1
 Alistair's Intoxication  Alch           32%        N/A       14%         5
 Jinxbite                 Hex            20%        N/A       21%         2
 Lesser Beckoning         Tloc           20%        N/A       21%         2
 Orb of Destruction       Conj           39%        9d11      24%         7
 Maxwell's Portable Pile  Tloc           10%        2d(6-16)  38%         3
 Teleport Other           Tloc           10%        N/A       38%         3
 Conjure Ball Lightning   Conj/Air       28%        3x3d8     41%         6


Dungeon Overview and Level Annotations

Branches:
Dungeon (11/15) Zot: 25768  Temple (1/1) D:5 Zot: 5976    Lair (2/5) D:8 Zot: 10493
 Shoals (0/4) Lair:2          Orc (0/2) D:10         Bailey (visited)
  Snake: Lair:2-3    Spider: Lair:2-3

Altars:
Ashenzari
Cheibriados
Dithmenos
Elyvilon
Fedhas
Gozag
Hepliaklqana
Kikubaaqudgha
Makhleb
Nemelex Xobeh
Okawaru
Qazlal
Ru
Sif Muna
Trog
Uskayaw
Vehumet
Wu Jian
Xom
Yredelemnul
Zin
The Shining One

Shops:
D:2 =   D:3 *   D:11 [

Annotations:
D:5 rpois for vault


Message History

Found a staircase to the Shoals.
Casting: Scorch (safe; 1% risk of failure)
Confirm with . or Enter, or press ? or * to list all spells.
You begin to radiate toxic energy.
The merfolk is poisoned. x2
The merfolk looks even sicker.
You block the merfolk's attack.
The merfolk throws a boomerang.
The boomerang barely misses you.
Casting: Olgreb's Toxic Radiance (dangerous; 1% risk of failure)
Confirm with . or Enter, or press ? or * to list all spells.
Flames lash the merfolk.
The merfolk is lightly wounded.
The merfolk's fire resistance burns away.
The merfolk looks even sicker.
The merfolk hits you from afar with a +0 trident!
The merfolk closely misses you.
Casting: Scorch (safe; 1% risk of failure)
Confirm with . or Enter, or press ? or * to list all spells.
Flames lash the merfolk.
The merfolk is burned terribly!
The merfolk is heavily wounded.
The merfolk hits you from afar with a +0 trident!!
* * * LOW HITPOINT WARNING * * *
The merfolk is engulfed in a cloud of scalding steam.
The merfolk hits you from afar with a +0 trident!
* * * LOW HITPOINT WARNING * * *
Unknown command.
Unknown command.
Casting: Scorch (safe; 1% risk of failure)
Confirm with . or Enter, or press ? or * to list all spells.
Casting: Flame Wave (safe; 1% risk of failure)
Press: ? - help, Dir - look around, f - activate You feel a surge of power!
A wave of flame ripples out! (Press . to intensify the flame waves.)
Your toxic aura wanes.
The merfolk barely misses you.
The merfolk is engulfed in a cloud of scalding steam.
The merfolk throws a boomerang.
The boomerang hits you!!
* * * LOW HITPOINT WARNING * * *
Unknown command.
Unknown command.
A wave of flame ripples out!
The flame wave engulfs the merfolk!!
The merfolk is severely wounded.
The flame wave engulfs the merfolk!!
The merfolk is burned terribly!
You kill the merfolk!
Vehumet accepts your kill.
You feel your power returning.
You hear a splash. x2
You are engulfed in a cloud of scalding steam.
* * * LOW HITPOINT WARNING * * *
The merfolk is engulfed in a cloud of scalding steam.
The merfolk hits you from afar with a +0 trident!
You die...

.>.# #..# #.#~~~#..## #####
#..# ##.# ###~~~#...# ##..#.
#..###.### #~#~~~##..# #.....
......# #+~####~#..# ##.....
......# #~~~#~~~#..# #......
......###
#~>~#~~≈#.#####†....#
........#
#~m§#~~~#.'..#.....##
......P##
####§'###~#...÷.....##
†.....####~~~#
#@§§##.####.'.## ♣
......##.#≈~~###§§§#....####)#
♣ ......#..#~~~#.#§§§#...##
#.# ♣♣
.........'####.#####)### ###
♣. .##.#.#..............# ♣.
..##########.........# ♣. ..#
########..# ♣♣ #.##### ###
##.# ♣ ......######P#######.##
♣


You could see a merfolk (very poisoned).

Vanquished Creatures
  Harold (Lair:2)
  2 hydras (Lair:2)
  A catoblepas (Lair:2)
  A two-headed ogre (D:11)
  A centaur warrior (D:9)
  Amaemon (Lair:2)
  An ugly thing (D:9)
  2 cyclopes
  A black mamba (Lair:1)
  An orange demon (Lair:2)
  Maggie (D:8)
  A rime drake (Lair:2)
  2 komodo dragons
  A freezing wraith (D:9)
  2 trolls (D:11)
  A tengu conjurer (D:9)
  3 hornets (D:7)
  A merfolk (Lair:2)
  3 blink frogs (Lair:2)
  A shadow (D:9)
  25 yaks
  A basilisk (Lair:1)
  4 wyverns
  The ghost of Poisondrake the Skirmisher, an amateur GnHu of Yredelemnul (D:5)
  9 vampire mosquitoes
  An acid dragon (D:11)
  5 water moccasins
  9 orc warriors
  An ice beast (D:6)
  4 black bears
  2 ogres (D:4)
  A boggart (D:9)
  3 wolves (Lair:2)
  A phantom (D:5)
  7 centaurs
  9 kobold brigands
  6 bullfrogs
  16 scorpions
  3 gnoll sergeants
  11 wights
  2 killer bees (D:9)
  4 howler monkeys
  3 electric eels (D:11)
  8 orc priests
  A bombardier beetle (D:5)
  2 hounds
  A jelly (D:8)
  2 iguanas
  3 sleepcaps
  Natasha (thrice) (D:3)
  8 orc wizards
  16 gnolls
  5 adders
  3 shadow imps
  A white imp (D:7)
  4 dart slugs
  43 orcs
  8 endoplasms
  5 giant cockroaches
  6 goblins
  5 hobgoblins
  4 jackals (D:2)
  17 kobolds
  3 quokkas
  4 ball pythons
  8 bats
  3 frilled lizards
  6 rats
325 creatures vanquished.

Vanquished Creatures (collateral kills)
  4 foxfires
4 creatures vanquished.

Vanquished Creatures (others)
  550 foxfires
550 creatures vanquished.

Grand Total: 879 creatures vanquished

Notes
Turn   | Place    | Note
-------+----------+-------------------------------------------
     0 | D:1      | snackwell the Deep Elf Fire Elementalist began the quest
                  | for the Orb.
     0 | D:1      | Reached XP level 1. HP: 10/10 MP: 6/6
   178 | D:1      | Reached XP level 2. HP: 15/15 MP: 4/8
   567 | D:1      | Reached skill level 4 in Fire Magic
   882 | D:2      | Reached XP level 3. HP: 19/19 MP: 6/9
   917 | D:2      | Found Kodynn's Jewellery Emporium.
   933 | D:2      | Learned a level 2 spell: Scorch
  1069 | D:2      | You fall into a shaft and drop 1 floor!
  1071 | D:3      | Found Meclojuu's General Store.
  1183 | D:3      | Noticed Natasha
  1301 | D:2      | Found a faded altar of an unknown god.
  1740 | D:2      | Reached XP level 4. HP: 17/24 MP: 3/10
  1854 | D:3      | Killed Natasha
  1872 | D:3      | Noticed Natasha
  1880 | D:3      | Killed Natasha
  1958 | D:3      | Reached skill level 5 in Fire Magic
  1958 | D:3      | Reached XP level 5. HP: 23/28 MP: 3/11
  2230 | D:3      | Noticed Natasha
  2235 | D:3      | Killed Natasha
  2623 | D:4      | Noticed an ogre
  2814 | D:4      | Noticed an ogre
  2826 | D:4      | Killed an ogre
  2827 | D:4      | Reached XP level 6. HP: 32/32 MP: 8/12
  3109 | D:4      | Reached skill level 5 in Conjurations
  3149 | D:4      | Reached skill level 6 in Fire Magic
  3343 | D:4      | Found an ornate altar of the Wu Jian Council.
  3344 | D:4      | Found a snail-covered altar of Cheibriados.
  3344 | D:4      | Found a blossoming altar of Fedhas.
  3587 | D:4      | Reached XP level 7. HP: 36/36 MP: 6/13
  3891 | D:5      | Entered Level 5 of the Dungeon
  3935 | D:5      | Reached skill level 7 in Fire Magic
  4083 | D:5      | Noticed Poisondrake's ghost (amateur GnHu)
  4086 | D:5      | Found a runed translucent door.
  4632 | D:5      | Found a staircase to the Ecumenical Temple.
  4778 | D:5      | Reached skill level 8 in Fire Magic
  4778 | D:5      | Reached XP level 8. HP: 41/41 MP: 9/14
  4813 | D:5      | Found a runed translucent door.
  4816 | D:5      | Found a runed translucent door.
  5346 | D:5      | Learned a level 4 spell: Flame Wave
  5397 | D:5      | Killed Poisondrake's ghost
  6200 | D:6      | Learned a level 4 spell: Sticky Flame
  6256 | D:6      | Reached skill level 1 in Fighting
  6256 | D:6      | Reached skill level 5 in Spellcasting
  6256 | D:6      | Reached skill level 1 in Alchemy
  6366 | D:6      | Identified the +0 leather armour of Rationality {rPois
                  | Dex+2}
  6811 | D:5      | Reached XP level 9. HP: 47/48 MP: 6/19
  7199 | D:7      | Found a flagged portal.
  7239 | D:7      | Learned a level 4 spell: Olgreb's Toxic Radiance
  7261 | Bailey   | Entered a bailey
  7550 | Bailey   | Reached skill level 5 in Alchemy
  7655 | Bailey   | Found a burning altar of Makhleb.
  7671 | Bailey   | Identified the +0 robe of the Onion {Regen+ rCorr SInv}
  7961 | D:7      | Reached XP level 10. HP: 58/58 MP: 11/24
  8634 | Temple   | Entered the Ecumenical Temple
  8643 | Temple   | Became a worshipper of Vehumet
  8751 | D:8      | Reached skill level 5 in Fighting
  8760 | D:8      | Reached skill level 9 in Fire Magic
  8904 | D:8      | Noticed Maggie
  8916 | D:8      | Killed Maggie
  9871 | D:8      | Found a staircase to the Lair.
 10236 | D:9      | Noticed a cyclops
 10239 | D:9      | Reached * piety under Vehumet
 10239 | D:9      | Offered knowledge of Freeze by Vehumet.
 10348 | D:9      | Reached skill level 10 in Fire Magic
 10611 | D:9      | Reached XP level 11. HP: 35/65 MP: 17/26
 11021 | D:9      | Noticed a centaur warrior
 11130 | D:9      | Identified the staff of Futos {Stlth+ Conj}
 11147 | D:9      | Killed a centaur warrior
 11152 | D:9      | Reached ** piety under Vehumet
 11268 | D:9      | Offered knowledge of Momentum Strike by Vehumet.
 11303 | D:9      | Noticed a red ugly thing
 11331 | D:9      | Killed a red ugly thing
 11332 | D:9      | Reached skill level 5 in Dodging
 12761 | D:3      | Bought a book of the Spheres for 640 gold pieces
 12767 | D:3      | Learned a level 5 spell: Fireball
 12811 | D:2      | Bought a ring of magical power for 200 gold pieces
 12983 | D:10     | Entered Level 10 of the Dungeon
 13061 | D:10     | Reached skill level 10 in Conjurations
 13105 | D:10     | Found a shadowy altar of Dithmenos.
 13218 | D:10     | Found the +6 shillelagh "Devastator" {shatter}
 13490 | D:10     | Found a staircase to the Orcish Mines.
 13643 | D:11     | Noticed Maurice
 13646 | D:11     | Maurice changed into Maurice the acid dragon
 13646 | D:11     | Noticed Maurice
 13652 | D:11     | Killed Maurice the acid dragon
 13652 | D:11     | Offered knowledge of Searing Ray by Vehumet.
 13653 | D:11     | Reached skill level 1 in Shields
 13755 | D:11     | Found a glowing silver altar of Zin.
 13903 | D:11     | Noticed a two-headed ogre
 13917 | D:11     | Killed a two-headed ogre
 13918 | D:11     | Reached XP level 12. HP: 40/72 MP: 27/27
 14308 | D:11     | Identified the +12 battleaxe of Vodka {venom, rC+ rN+}
 14376 | D:11     | Found Irur's Antique Armour Boutique.
 14785 | Lair:1   | Entered Level 1 of the Lair of Beasts
 14878 | Lair:1   | Reached *** piety under Vehumet
 14879 | Lair:1   | Reached skill level 11 in Fire Magic
 15447 | Lair:2   | Noticed a catoblepas
 15460 | Lair:2   | Killed a catoblepas
 15664 | Lair:2   | Noticed Amaemon
 15673 | Lair:2   | Paralysed by Amaemon for 5 turns
 15680 | Lair:2   | Killed Amaemon
 15704 | Lair:2   | Offered knowledge of Hailstorm by Vehumet.
 15808 | Lair:2   | Noticed a four-headed hydra
 15825 | Lair:2   | Killed a four-headed hydra
 15884 | Lair:2   | Noticed Harold
 15892 | Lair:2   | Killed Harold
 15959 | Lair:2   | Noticed a six-headed hydra
 15970 | Lair:2   | Killed a six-headed hydra
 16148 | Lair:2   | Reached skill level 12 in Fire Magic
 16270 | Lair:2   | Found a staircase to the Shoals.
 16275 | Lair:2   | HP: 2/72 [cloud of steam (5)]
 16275 | Lair:2   | Mangled by a merfolk

Illustrated notes

Levels and vault maps discovered:
D:1:      minmay_arrival_radiant_lines, layout_basic, chequers_jeans,
          minmay_box_of_dots
D:2:      layout_rooms, shapermc_ecumenical_altar_mp_ritualfount, serial_shops,
          shop, kennysheep_nub, kennysheep_generic_room_2
D:3:      layout_loops_ring, serial_shops, shop, uniq_natasha
D:4:      layout_basic, chequers_temple_overflow_statue_of_worship
D:5:      lemuel_insect_pit, layout_basic, temple_pool_b, serial_rivers,
          chequers_serial_rivers_small_a, chequers_serial_rivers_micro_a,
          chequers_serial_rivers_small_b, chequers_serial_rivers_small_a,
          chequers_serial_rivers_micro_b, chequers_serial_rivers_micro_a,
          hellmonk_ghost_happy_afterlife, kennysheep_flooded_box
D:6:      layout_basic
D:7:      layout_gridville, enter_bailey_4, minmay_hedge_maze
D:8:      layout_loops_ring, david_lair_shrubbed, uniq_maggie
D:9:      hangedman_cross_cluster, layout_cave_pools
D:10:     layout_gridville, nicolae_dithmenos_shadow_blocks, orc_0_dummy
D:11:     layout_irregular_city, serial_shops, nicolae_shop_gibbet_a_chance,
          serial_bayou, serial_bayou_pond_c, serial_bayou_shore_a,
          serial_bayou_pond_a, serial_bayou_shore_b, zin_academy, uniq_maurice
Temple:   regret_index_temple_mists
Lair:1:   layout_small_grid, minivault_25
Lair:2:   layout_roguey, elwin_shoals_entry_rooms,
          ebering_ghost_reflecting_pool, forest_entry_grove, uniq_harold,
          uniq_amaemon

Skill      XL: |  1  2  3  4  5  6  7  8  9 10 11 12 |
---------------+-------------------------------------+-----
Conjurations   | 2 3 4 5 7 8 10 11 | 11.7
Fire Magic     | 4 5 6 8 10 12 | 12.0
Spellcasting   | 5 8 9 |  9.1
Fighting       | 2 4 6 7 |  7.5
Alchemy        | 2 5 8 |  8.0
Dodging        | 3 6 |  6.2
Shields        | 2 4 |  4.4
Stealth        | |  2.4

Action                     |  1- 3 |  4- 6 |  7- 9 | 10-12 || total
---------------------------+-------+-------+-------+-------++-------
  Melee: Short sword       |     1 |     2 |    18 |    43 ||    64
         Staff             |       |       |       |    54 ||    54
   Cast: Foxfire           |    76 |    46 |    83 |   123 ||   328
         Scorch            |     7 |    21 |    39 |   115 ||   182
         Flame Wave        |       |       |     9 |    14 ||    23
         Olgreb's Toxic Ra |       |       |     9 |    61 ||    70
         Sticky Flame      |       |       |     1 |    31 ||    32
         Fireball          |       |       |       |     1 ||     1
  Evoke: Wand              |       |       |       |     3 ||     3
    Use: Scroll            |       |    12 |     5 |     6 ||    23
         Potion            |       |       |     1 |     1 ||     2
   Stab: Sleeping          |       |       |     1 |       ||     1
 Armour: Robe              |    15 |    14 |    23 |       ||    52
         Leather armour    |       |       |    21 |   149 ||   170
  Dodge: Dodged            |    19 |    14 |    34 |   124 ||   191
  Block: Buckler           |       |       |       |    25 ||    25

Table legend: (Time is in decaauts)
 A = Elapsed time spent in this place.
 B = Non-inter-level travel time spent in this place.
 C = Inter-level travel time spent in this place.
 D = Time resting spent in this place.
 E = Time spent auto-exploring this place.
 F = Levels seen in this place.
 G = Mean time per level.
                   A        B        C        D        E       F      G
               +--------+--------+--------+--------+--------+-----+--------+
         Total |  16346 |  14969 |   1377 |   2143 |   9873 |  15 | 1089.7 |
       Dungeon |  14367 |  13025 |   1342 |   1827 |   8710 |  11 | 1306.1 |
        Temple |     23 |     12 |     11 |      0 |      0 |   1 |   23.0 |
          Lair |   1505 |   1481 |     24 |    155 |    996 |   2 |  752.5 |
        Bailey |    450 |    450 |      0 |    161 |    167 |   1 |  450.0 |
               +--------+--------+--------+--------+--------+-----+--------+

Top non-repeatable levels by time:
     D:8: 2235 daAuts
     D:9: 2083 daAuts
     D:5: 1966 daAuts
     D:6: 1285 daAuts
     D:3: 1279 daAuts
    D:11: 1114 daAuts
     D:4: 1047 daAuts
     D:2: 982 daAuts
     D:7: 937 daAuts
  Lair:2: 851 daAuts
     D:1: 819 daAuts
  Lair:1: 653 daAuts
    D:10: 618 daAuts
  Bailey: 450 daAuts
  Temple: 23 daAuts
